 Dungeon Crawl Stone Soup version 0.31-a0-675-g238779eb0a (webtiles) character file.

Game seed: 14712528879779178281

5364 Revguard the Myrmidon (level 10, -7/77 HPs)
             Began as a Demonspawn Gladiator on Sept 5, 2023.
             Was an Elder of Okawaru.
             Mangled by a +5 spectral giant club (24 damage)
             ... created by Erolcha
             ... on level 9 of the Dungeon.
             The game lasted 00:25:33 (8612 turns).

Revguard the Myrmidon (Demonspawn Gladiator)        Turns: 8612, Time: 00:25:33

Health: -7/77      AC: 13    Str: 17    XL:     10   Next: 39%
Magic:  15/15      EV: 14    Int: 11    God:    Okawaru [****..]
Gold:   526        SH:  0    Dex: 18    Spells: 4/14 levels left

rFire   . . .        y - +0 dagger (venom)
rCold   . . .        (no shield)
rNeg    . . .        F - +4 ring mail of Pyapemos {rCorr Str+3}
rPois   +            (helmet unavailable)
rElec   .            (no cloak)
rCorr   +            (no gloves)
SInv    .            (no boots)
Will    .....        C - amulet of the acrobat
Stlth   +            h - ring of flight
HPRegen 0.32/turn    x - ring of poison resistance
MPRegen 0.28/turn

%: acrobat
@: flying
A: horns 3, thin metallic scales 2, magic regeneration, demonic magic 1
a: Renounce Religion, Heroism, Finesse


You were on level 9 of the Dungeon.
You worshipped Okawaru.
Okawaru was greatly pleased with you.
You visited 2 branches of the dungeon, and saw 10 of its levels.

You collected 526 gold pieces.

Inventory:

Hand Weapons
 a - a +2 falchion of flaming
 y - a +0 dagger of venom (weapon)
Missiles
 d - 3 throwing nets (quivered)
 e - a javelin
 G - a curare-tipped dart
Armour
 b - a +0 leather armour
 c - a +0 helmet
 f - a +1 leather armour of willpower
 m - a +3 ring mail of fire resistance
 F - the +4 ring mail of Pyapemos (worn) {rCorr Str+3}
   (You found it on level 9 of the Dungeon)

   Str+3:     It affects your strength (+3).
   rCorr:     It protects you from acid and corrosion.
Jewellery
 g - a ring of protection from cold
 h - a ring of flight (left hand)
 i - an amulet of faith
 n - a ring of positive energy
 r - a ring of fire
 x - a ring of poison resistance (right hand)
 z - a ring of positive energy
 C - an amulet of the acrobat (around neck)
 J - a ring of ice
Wands
 o - a wand of digging (3)
 I - a wand of polymorph (5)
 K - a wand of paralysis (7)
 L - a wand of light (3)
Scrolls
 k - 2 scrolls of revelation
 q - a scroll of poison
 t - a scroll of noise
 u - a scroll of enchant weapon {unknown}
 v - a scroll of enchant armour
 E - a scroll of summoning
Potions
 j - 2 potions of magic
 l - 3 potions of lignification
 p - a potion of brilliance
 w - a potion of enlightenment
 A - a potion of curing
 B - a potion of attraction
 D - a potion of might
 H - 2 potions of haste


   Skills:
 + Level 6.7 Fighting
 + Level 6.4 Long Blades
 - Level 1.7 Throwing
 + Level 5.8 Armour
 + Level 5.8 Dodging
 + Level 2.8 Spellcasting
 + Level 3.3 Hexes
 + Level 6.9 Invocations
 + Level 5.3 Evocations


You had 4 spell levels left.
You knew the following spells:

 Your Spells              Type           Power      Damage    Failure   Level
a - Ensorcelled Hibernat  Hex/Ice        10%        N/A       34%         2
b - Cause Fear            Hex            4%         N/A       75%         4
c - Anguish               Hex/Necr       2%         N/A       93%         4

Your spell library contained the following spells:

 Spells                   Type           Power      Damage    Failure   Level
 Cigotuvi's Dreadful Rot  Necr/Pois/Air  2%         N/A       56%         2
 Passwall                 Tmut/Erth      0%         N/A       56%         2
 Ignite Poison            Fire/Tmut/Pois 1%         N/A       80%         3
 Stone Arrow              Conj/Erth      2%         3d7       80%         3
 Swiftness                Air            1%         N/A       80%         3
 Fireball                 Conj/Fire      0%         3d3       100%        5
 Freezing Cloud           Conj/Ice/Air   0%         6-21      100%        5
 Enfeeble                 Hex            4%         N/A       100%        7
 Lehudib's Crystal Spear  Conj/Erth      0%         10d2      100%        8
 Animate Armour           Summ/Erth      Unusable   N/A       N/A         4
 Dragon's Call            Summ           Unusable   N/A       N/A         9

Dungeon Overview and Level Annotations

Branches:
Dungeon (9/15)             Temple (1/1) D:6
   Lair: D:8-11         Orc: D:9-12

Altars:
Cheibriados
Dithmenos
Fedhas
Gozag
Kikubaaqudgha
Nemelex Xobeh
Okawaru
Ru
Trog
Uskayaw
Vehumet
Wu Jian
Xom
Yredelemnul

Shops:
D:3 :   D:4 [

Annotations:
D:9 Erolcha


Innate Abilities, Weirdness & Mutations

You have a pair of large horns on your head.
You are mostly covered in thin metallic scales. (AC +3)
You regenerate magic rapidly.
Spells you cast may paralyse adjacent enemies.


Message History

The +5 spectral giant club disappears.
You start resting.
Erolcha is nearby!
Aiming: Bolt of Light
Press: ? - help, Shift-Dir - straight line, f - Erolcha
Aim: Erolcha, wielding a +5 spectral giant club and wearing a +0 robe (84% to hit)
The bolt of light hits Erolcha!
Erolcha is moderately wounded.
Erolcha is blinded.
Aiming: Paralyse
Press: ? - help, Shift-Dir - straight line, f/p - Erolcha
Aim: Erolcha, wielding a +5 spectral giant club and wearing a +0 robe (moderately wounded, blind, chance to affect: 28%) Erolcha easily resists.
Aiming: Bolt of Light
Press: ? - help, Shift-Dir - straight line, f/p - Erolcha
Aim: Erolcha, wielding a +5 spectral giant club and wearing a +0 robe (moderately wounded, blind, 84% to hit)
The bolt of light hits Erolcha!!
Erolcha is severely wounded.
Your +2 falchion of flaming stops flaming.
Your +0 dagger of venom begins to drip with poison!
y - a +0 dagger of venom (weapon)
You hit Erolcha but do no damage.
Erolcha is poisoned.
Erolcha is severely wounded.
Erolcha closely misses you. The +5 spectral giant club hits you!!
* * * LOW HITPOINT WARNING * * *
A +5 spectral giant club comes into view.
You closely miss Erolcha.
Erolcha is severely wounded.
The +5 spectral giant club moves out of view.
You catch the helpless Erolcha completely off-guard!
You puncture Erolcha!
Erolcha looks as sick as possible!
Erolcha is almost dead.
Erolcha closely misses you. The +5 spectral giant club hits you!
* * * LOW HITPOINT WARNING * * *
Unknown command.
Okay, then.
Okay, then.
Okay, then.
You feel better. The +5 spectral giant club hits you!!
You die...

.....# ##.##....#..... ....
#.##.#..#..... ... ##)..#........
.. #..###....... .
###..##.##..#... ..
.#..##...##..#.. #.... #.#
##...#+.....##.... #..... ..
###...# .......##... .....
#.##.O@### ..._... ###. #...
#....#(..##.......##... #..##
##.###....##.....##...# # #..#
##..#......##...##..#.. .##
#.####........#..## ##..##..
#..###......##....###..###..####.
#..........###...# ##..#..## #.
##....###..##....#####.#..# #.
#...## #.##.......###....# #.


You could see Erolcha (blind, extremely poisoned) and a +5 spectral giant club.

Vanquished Creatures
  Pikel (D:9)
  Joseph (D:9)
  2 kobold demonologists (D:9)
  A hornet (D:7)
  A wyvern (D:8)
  Eustachio (D:5)
  A steam dragon (D:7)
  A water moccasin (D:8)
  An orc warrior (D:7)
  An ice beast (D:8)
  4 ogres
  2 centaurs (D:8)
  2 lemures (D:9)
  A phantom (D:5)
  7 kobold brigands
  3 bullfrogs
  3 scorpions
  4 wights (D:9)
  14 killer bees
  3 howler monkeys
  2 jellies
  6 crimson imps (D:8)
  3 hounds
  6 orc priests
  An iguana (D:4)
  A sleepcap (D:7)
  4 orc wizards
  4 adders
  3 shadow imps
  2 white imps (D:8)
  4 worms
  2 dart slugs (D:1)
  27 orcs
  3 bats
  5 endoplasms
  3 giant cockroaches
  9 goblins
  2 hobgoblins
  3 jackals (D:1)
  3 quokkas (D:2)
  5 ball pythons
  25 kobolds
  6 rats
183 creatures vanquished.

Vanquished Creatures (others)
  An orc priest (D:7)
1 creature vanquished.

Grand Total: 184 creatures vanquished

Notes
Turn   | Place    | Note
-------+----------+-------------------------------------------
     0 | D:1      | Revguard the Demonspawn Gladiator began the quest for the
                  | Orb.
     0 | D:1      | Reached XP level 1. HP: 16/16 MP: 1/1
   112 | D:1      | Gained mutation: You have a pair of small horns on your
                  | head. [demonic ancestry]
   112 | D:1      | Reached XP level 2. HP: 13/22 MP: 2/2
   292 | D:1      | Reached skill level 1 in Invocations
   302 | D:1      | Reached skill level 1 in Armour
   317 | D:1      | Found a faded altar of an unknown god.
   494 | D:1      | Gained mutation: You are partially covered in thin metallic
                  | scales. (AC +2) [demonic ancestry]
   494 | D:1      | Reached XP level 3. HP: 24/28 MP: 3/3
  1202 | D:3      | Found Jamuwe's Book Shoppe.
  1210 | D:3      | Gained mutation: You have a pair of horns on your head.
                  | [demonic ancestry]
  1210 | D:3      | Reached XP level 4. HP: 34/34 MP: 5/5
  1446 | D:3      | Reached skill level 1 in Evocations
  1759 | D:4      | Gained mutation: You are mostly covered in thin metallic
                  | scales. (AC +3) [demonic ancestry]
  1759 | D:4      | Reached XP level 5. HP: 18/40 MP: 6/6
  2098 | D:4      | Found Daqus's Armour Shoppe.
  2487 | D:5      | Entered Level 5 of the Dungeon
  2488 | D:5      | Noticed an ogre
  2493 | D:5      | Killed an ogre
  2494 | D:5      | Gained mutation: You regenerate magic rapidly. [demonic
                  | ancestry]
  2494 | D:5      | Reached XP level 6. HP: 47/47 MP: 7/7
  2569 | D:5      | Found an ornate altar of the Wu Jian Council.
  2840 | D:5      | Found a sacrificial altar of Ru.
  2899 | D:5      | Reached XP level 7. HP: 46/52 MP: 9/9
  2919 | D:5      | Noticed Eustachio
  2934 | D:5      | Killed Eustachio
  3326 | D:6      | Found a shimmering altar of Xom.
  3499 | D:6      | Found a hide-covered altar of Uskayaw.
  3570 | D:6      | Found a basalt altar of Yredelemnul.
  4041 | D:6      | Found a staircase to the Ecumenical Temple.
  4062 | D:6      | Found a bloodstained altar of Trog.
  4086 | D:6      | Reached XP level 8. HP: 35/60 MP: 1/11
  4135 | Temple   | Entered the Ecumenical Temple
  4142 | Temple   | Became a worshipper of Warmaster Okawaru
  4294 | D:6      | Found a radiant altar of Vehumet.
  4748 | D:7      | Noticed a hornet
  4756 | D:7      | Killed a hornet
  4761 | D:7      | Reached * piety under Okawaru
  4762 | D:7      | Reached skill level 5 in Fighting
  4763 | D:7      | Reached skill level 5 in Long Blades
  5008 | D:7      | Reached skill level 5 in Invocations
  5176 | D:7      | Gained mutation: Spells you cast may paralyse adjacent
                  | enemies. [demonic ancestry]
  5176 | D:7      | Reached XP level 9. HP: 38/68 MP: 12/12
  5967 | D:7      | Learned a level 2 spell: Ensorcelled Hibernation
  6098 | D:8      | Reached skill level 1 in Hexes
  6113 | D:8      | Reached ** piety under Okawaru
  6121 | D:8      | Reached skill level 5 in Armour
  6258 | D:8      | Reached skill level 1 in Spellcasting
  6426 | D:8      | Reached skill level 5 in Dodging
  7345 | D:9      | Noticed a kobold demonologist
  7346 | D:9      | Noticed a rust devil
  7349 | D:9      | Noticed a kobold demonologist
  7368 | D:9      | Killed a kobold demonologist
  7368 | D:9      | Reached *** piety under Okawaru
  7400 | D:9      | Killed a kobold demonologist
  7401 | D:9      | Gained mutation: You have a pair of large horns on your
                  | head. [demonic ancestry]
  7401 | D:9      | Reached XP level 10. HP: 68/77 MP: 14/14
  7467 | D:9      | Found an opulent altar of Gozag.
  7515 | D:9      | Reached skill level 5 in Evocations
  7602 | D:9      | Noticed Joseph
  7637 | D:9      | Killed Joseph
  7925 | D:9      | Learned a level 4 spell: Cause Fear
  7930 | D:9      | Learned a level 4 spell: Anguish
  7974 | D:9      | Noticed Pikel
  8004 | D:9      | Killed Pikel
  8217 | D:9      | Found an ancient bone altar of Kikubaaqudgha.
  8439 | D:9      | Identified the +4 ring mail of Pyapemos {rCorr Str+3}
  8481 | D:9      | Reached **** piety under Okawaru
  8559 | D:9      | Noticed Erolcha
  8612 | D:9      | Mangled by a +5 spectral giant club

Illustrated notes

Levels and vault maps discovered:
D:1:      dpeg_arrival_tiny_a, layout_basic, basic_ecumenical_altar
D:2:      cheibrodos_helix_gallery, layout_rooms, minmay_tiny_reverse_x
D:3:      layout_rooms, serial_shops, shop
D:4:      layout_basic, serial_shops, nicolae_shop_rolling_square
D:5:      layout_rooms, nicolae_ru_path_of_blood, mainiacjoe_overflow_alcove_2,
          chequers_decorated_corner, uniq_eustachio
D:6:      layout_basic, lemuel_round_altar, mainiacjoe_overflow_catwalk,
          eat_drink_and_be_merry_uskayaw, trog_antimagical, fiery_altar_vehumet,
          minmay_temple_entry_enclosed_plants
D:7:      layout_cave_pods, serial_glass, glass_columns_a, glass_columns_c
D:8:      layout_loops_ring, kennysheep_doodads, minmay_nine_imps
D:9:      layout_layer_cave, mainiacjoe_overflow_concentric_impassable,
          makhleb_altar_promises_db, tso_metal_star,
          mainiacjoe_overflow_six_doors_small, nicolae_ashenzari_skybound,
          nicolae_overflow_crystal_walls, chequers_serial_rivers_small_b,
          uniq_pikel, uniq_joseph, uniq_erolcha
Temple:   hellmonk_temple_micro_hex

Skill      XL: |  1  2  3  4  5  6  7  8  9 10 |
---------------+-------------------------------+-----
Invocations    | 1 2 3 4 5 6 |  6.9
Armour         | 1 2 3 4 5 |  5.8
Long Blades    | 3 4 5 6 |  6.4
Dodging        | 3 4 5 |  5.8
Evocations     | 1 2 3 4 5 |  5.3
Fighting       | 3 4 5 6 |  6.7
Hexes          | 2 3 |  3.3
Spellcasting   | 2 |  2.8
Throwing       | |  1.7

Action                     |  1- 3 |  4- 6 |  7- 9 | 10-12 || total
---------------------------+-------+-------+-------+-------++-------
  Melee: Long sword        |   107 |    88 |       |       ||   195
         Headbutt          |    15 |    18 |    68 |    23 ||   124
         Dagger            |       |    19 |   139 |    63 ||   221
         Punch             |       |     4 |     6 |     1 ||    11
         Falchion          |       |       |   195 |    45 ||   240
  Throw: Throwing net      |       |       |     3 |       ||     3
         Dart              |       |       |     2 |       ||     2
 Invoke: Heroism           |       |       |     1 |     1 ||     2
  Evoke: Wand              |       |       |     2 |     5 ||     7
    Use: Scroll            |     3 |     1 |    12 |     1 ||    17
         Potion            |       |     2 |    12 |     3 ||    17
   Stab: Paralysed         |       |       |     3 |       ||     3
         Invisible         |       |       |       |     2 ||     2
 Armour: Leather armour    |    76 |       |       |       ||    76
         Ring mail         |       |    53 |   229 |    72 ||   354
         Skin              |       |       |    58 |       ||    58
  Dodge: Dodged            |    96 |    67 |   246 |   145 ||   554

Table legend: (Time is in decaauts)
 A = Elapsed time spent in this place.
 B = Non-inter-level travel time spent in this place.
 C = Inter-level travel time spent in this place.
 D = Time resting spent in this place.
 E = Time spent auto-exploring this place.
 F = Levels seen in this place.
 G = Mean time per level.
                   A        B        C        D        E       F      G
               +--------+--------+--------+--------+--------+-----+--------+
         Total |   8619 |   8374 |    245 |    656 |   5899 |  10 |  861.9 |
       Dungeon |   8606 |   8367 |    239 |    656 |   5899 |   9 |  956.2 |
        Temple |     12 |      7 |      5 |      0 |      0 |   1 |   12.0 |
               +--------+--------+--------+--------+--------+-----+--------+

Top non-repeatable levels by time:
     D:7: 1498 daAuts
     D:9: 1360 daAuts
     D:6: 1250 daAuts
     D:8: 1175 daAuts
     D:4: 916 daAuts
     D:5: 793 daAuts
     D:1: 702 daAuts
     D:2: 525 daAuts
     D:3: 383 daAuts
  Temple: 12 daAuts
